AoeStats
← Durendal

Arabian Desert

509796741Analyzed
1v1 RM · 5d ago on Sep 28, 2026· 23m 22s· 2 players
Game mode
Random Map
Map size
Tiny (2 player)
Population
200
Speed
Normal
Resources
Standard
Victory
Conquest
Starting age
Dark Age
Ending age
Imperial Age
RankedLock teamsTeams togetherTeam positionsShared explorationLock speedFull tech treeHidden civsTurbo modeCheats
Victory
Defeat
🇺🇸 Berbers · United States
1727
+16
🇲🇽 Varangians · Mexico
1728
-16
Durendal
6:31 Loom
9:06 Feudal Age
9:15 Man-at-Arms
12:33 Double-Bit Axe
15:28 Fletching
16:32 Wheelbarrow
22:07 Castle Age
21:51 Horse Collar
22:16 Crossbowman
22:52 Bodkin Arrow
Charlie Mx
6:36 Loom
8:44 Feudal Age
9:23 Double-Bit Axe
9:20 Horse Collar
18:25 Bloodlines
Connection lost

Rejoining the realm…

Still unreachable

The connection could not be restored.

Session expired

The server has moved on; the page needs a fresh start.